 Dungeon Crawl Stone Soup version 0.31-a0-187-gba352fbbf7 (webtiles) character file.

Game seed: 4158854685650588707

49 qw the Shooter (level 3, 0/20 HPs)
             Began as a Deep Elf Hunter on June 22, 2023.
             Slain by a kobold
             ... wielding a +0 short sword
              (2 damage)
             ... on level 2 of the Dungeon.
             The game lasted 00:00:22 (903 turns).

qw the Shooter (Deep Elf Hunter)                     Turns: 903, Time: 00:00:23

Health: 0/20       AC:  3    Str: 10    XL:     3   Next: 53%
Magic:  5/5        EV: 12    Int: 13    God:
Gold:   50         SH:  0    Dex: 18    Spells: 2/2 levels left

rFire   . . .        Y - +0 shortbow
rCold   . . .        (shield currently unavailable)
rNeg    . . .        c - +0 leather armour
rPois   .            (no helmet)
rElec   .            (no cloak)
rCorr   .            (no gloves)
SInv    .            (no boots)
Will    .....        (no amulet)
Stlth   ++           (no ring)
HPRegen 0.23/turn    (no ring)
MPRegen 0.09/turn

%: no passive effects
@: no status effects
A: no striking features
a: no special abilities


You were on level 2 of the Dungeon.
You visited 1 branch of the dungeon, and saw 2 of its levels.

You collected 50 gold pieces.


   Skills:
 - Level 1.5 Fighting
 + Level 7.1 Ranged Weapons
 - Level 2.4 Dodging
 - Level 1.2 Stealth


You had 2 spell levels left.
You didn't know any spells.
Your spell library was empty.

Inventory:

Hand Weapons
 Y - a +0 shortbow (weapon)
Armour
 c - a +0 leather armour (worn)
Scrolls
 a - a scroll of identify
 b - a scroll of poison {unknown}
Potions
 d - a potion of might {unknown}
 e - a potion of cancellation {unknown}

Dungeon Overview and Level Annotations

Branches:
Dungeon (2/15)

Altars:

Shops:
D:1 (


Message History

You shoot an arrow. The arrow closely misses the kobold.
The goblin hits you but does no damage.
The kobold hits you with a +0 short sword.
The goblin hits you with a +0 dagger.
The kobold hits you with a +0 short sword.
The adder closely misses you.
You shoot an arrow. The arrow barely misses the adder.
The adder barely misses you. The goblin hits you but does no damage.
The kobold hits you but does no damage.
You shoot an arrow. The arrow hits the adder!
The adder is severely wounded.
The adder bites you but does no damage. The goblin closely misses you.
The kobold misses you.
You shoot an arrow. The arrow hits the adder.
The adder is almost dead.
The adder closely misses you. The goblin barely misses you.
The kobold hits you with a +0 short sword.
The adder closely misses you.
You shoot an arrow. The arrow misses the adder.
The adder bites you. The goblin hits you but does no damage.
The kobold hits you with a +0 short sword.
You shoot an arrow. The arrow barely misses the adder.
The adder barely misses you. The goblin hits you but does no damage.
The kobold completely misses you. The adder bites you but does no damage.
You shoot an arrow. The arrow barely misses the adder.
The goblin hits you with a +0 dagger. The adder closely misses you.
The kobold hits you with a +0 short sword.
You shoot an arrow. The arrow completely misses the adder.
The adder barely misses you. The goblin hits you but does no damage.
The kobold barely misses you. The adder bites you but does no damage.
You shoot an arrow. The arrow closely misses the adder.
The goblin barely misses you.
The kobold hits you with a +0 short sword.
The adder closely misses you. The goblin barely misses you.
The kobold closely misses you.
You shoot an arrow. The arrow hits the adder.
You kill the adder!
The goblin misses you.
The kobold hits you with a +0 short sword.
You die...

.#.# #.#.#
...........
#.#.#.#.#.#
..>.......
#.#.#.#.## $.).....#
#.#.#.#.#.#####
......g.......# .##.
.#.#.#@#.###.###....
#K.### #........
...## #..##.... ##.#
#..##.##. #.
######..##.#
#.............# #
###.#####...######
..............#
.###.##.#####.#


You could see a goblin and a kobold.

Vanquished Creatures
  2 adders (D:2)
  A dart slug (D:1)
  4 ball pythons (D:1)
  A bat (D:1)
  An endoplasm (D:1)
  A giant cockroach (D:1)
  5 goblins
  4 hobgoblins (D:1)
  2 jackals (D:1)
  3 kobolds (D:1)
  3 quokkas (D:1)
  3 frilled lizards
  7 rats (D:1)
37 creatures vanquished.

Notes
Turn   | Place    | Note
-------+----------+-------------------------------------------
     0 | D:1      | qw the Deep Elf Hunter began the quest for the Orb.
     0 | D:1      | Reached XP level 1. HP: 12/12 MP: 3/3
     0 | D:1      | 0 ||| qw: Version: 0.3-a-9-g12657ce
     0 | D:1      | 0 ||| qw: Game counter: 2004
     0 | D:1      | 0 ||| qw: Always use a shield: true
     0 | D:1      | 0 ||| qw: God list: Okawaru
     0 | D:1      | 0 ||| qw: Allow faded altars: false
     0 | D:1      | 0 ||| qw: Do Orc after D:15 true
     0 | D:1      | 0 ||| qw: Do second Lair branch before Depths: true
     0 | D:1      | 0 ||| qw: Lair rune preference: random
     0 | D:1      | 0 ||| qw: Plans: Normal
     0 | D:1      | 0 ||| PLANNING D:1-11
   209 | D:1      | Found Juim Lofi's Weapon Boutique.
   222 | D:1      | Reached XP level 2. HP: 16/16 MP: 4/4
   258 | D:1      | Reached skill level 6 in Ranged Weapons
   650 | D:1      | Reached XP level 3. HP: 20/20 MP: 5/5
   818 | D:1      | 818 ||| READING 2 scrolls labelled QODOAG UDOPT.
   819 | D:1      | 819 ||| READING scroll labelled XAEROU UDUPNIMU.
   820 | D:1      | 820 ||| READING scroll labelled UGEP BASYU.
   823 | D:1      | 823 ||| READING scroll labelled RODUKH ZEFE.
   824 | D:1      | 824 ||| DROPPING scroll of butterflies.
   841 | D:2      | Reached skill level 7 in Ranged Weapons
   900 | D:2      | HP: 4/20 [kobold/+0 short sword (3)]
   903 | D:2      | Slain by a kobold

Levels and vault maps discovered:
D:1:      minmay_arrival_shattered_statue, layout_loops_corners, serial_shops,
          shop, serial_bayou_ford_a, minmay_split_cup_large
D:2:      layout_loops_ring, minmay_misc_feat_encased, st_stairs_10,
          uniq_crazy_yiuf_cottage

Skill      XL: |  1  2  3 |
---------------+----------+-----
Ranged Weapons | 6 7 |  7.1
Fighting       | |  1.5
Dodging        | |  2.4
Stealth        | |  1.2

Action                     || total
---------------------------++-------
   Fire: Shortbow          ||    90
    Use: Scroll            ||     4
 Armour: Leather armour    ||    14
  Dodge: Dodged            ||    33

Table legend:
 A = Non-vault XP
 B = Vault XP
 C = Vault XP percentage of total XP
 D = Non-vault monster count
 E = Vault monster count
 F = Vault count percentage of total count
                 A         B        C        D         E       F
            +---------+---------+-------+---------+---------+-------
      Total |      76 |       9 |  10.6 |      32 |       5 |  13.5
            +---------+---------+-------+---------+---------+-------
        D:1 |      46 |       7 |  13.2 |      28 |       4 |  12.5
        D:2 |      30 |       2 |   6.2 |       4 |       1 |  20.0
            +---------+---------+-------+---------+---------+-------
